[ AOE2 MATCH · #505551527 ]
UnrankedTatars vs Poles
Player's team · LOSS
Rival team · WIN
[ REPLAY ANALYSIS · EXTRACTED FROM THE RECORDED GAME ]
Feudal
13:46
Castle
—
Imperial
—
| APM avg | 47.8 |
| APM peak | 70 |
| eAPM avg | 17.6 |
| Villagers / military | 32 / 0 |
Focus
⚔️ 30.3% · 🌾 69.7%
Feudal
9:23
Castle
—
Imperial
—
| APM avg | 72.6 |
| APM peak | 100 |
| eAPM avg | 24.1 |
| Villagers / military | 25 / 9 |
Focus
⚔️ 36.8% · 🌾 63.2%
Archer ×9
Match map
Initial resources + every placement click. Lines = walls · curves = elevation contours. ◆ gold · ⬟ stone · ● berries · ✦ relic · ◌ wall gap
Your base· Open — unwalled flank
develement's base· Open — unwalled flank
Smoothed initial terrain · ◌ = detected wall gap · hover for details
Inputs per minute
— ilovebaskets - - develement
Build order — ilovebaskets
72 actions detected in the replay
| 0:17 | Build | Town Center |
| 0:40 | Build | House |
| 1:46 | Build | Palisade Wall |
| 1:51 | Build | Palisade Wall |
| 2:01 | Create | Villager (Male) |
| 2:02 | Create | Villager (Male) |
| 2:02 | Create | Villager (Male) |
| 2:02 | Create | Villager (Male) |
| 2:02 | Create | Villager (Male) |
| 2:55 | Build | House |
| 3:25 | Build | House |
| 3:37 | Create | Villager (Male) |
| 3:37 | Create | Villager (Male) |
| 3:37 | Create | Villager (Male) |
| 3:37 | Create | Villager (Male) |
| 3:49 | Create | Villager (Male) |
| 4:19 | Create | Villager (Male) |
| 4:22 | Create | Villager (Male) |
| 4:48 | Build | House |
| 5:37 | Create | Villager (Male) |
| 5:47 | Create | Villager (Male) |
| 6:00 | Create | Villager (Male) |
| 6:13 | Create | Villager (Male) |
| 6:25 | Build | Palisade Wall |
| 6:30 | Build | Palisade Wall |
| 6:34 | Build | Palisade Wall |
| 6:39 | Build | Palisade Wall |
| 6:43 | Create | Villager (Male) |
| 6:53 | Create | Villager (Male) |
| 7:14 | Create | Villager (Male) |
| 7:35 | Build | House |
| 7:47 | Create | Villager (Male) |
| 7:47 | Create | Villager (Male) |
| 7:52 | Build | House |
| 8:07 | Create | Villager (Male) |
| 8:25 | Build | Palisade Wall |
| 8:29 | Create | Villager (Male) |
| 8:31 | Build | Palisade Wall |
| 8:36 | Build | Palisade Wall |
| 8:42 | Build | House |
| 8:45 | Build | Palisade Wall |
| 8:48 | Build | Palisade Wall |
| 9:13 | Create | Villager (Male) |
| 9:14 | Create | Villager (Male) |
| 9:28 | Research | Loom |
| 9:28 | Create | Villager (Male) |
| 9:35 | Build | Palisade Wall |
| 9:40 | Build | Lumber Camp |
| 9:50 | Build | Palisade Wall |
| 9:56 | Build | Palisade Wall |
| 9:57 | Build | Palisade Wall |
| 10:04 | Create | Villager (Male) |
| 10:06 | Create | Villager (Male) |
| 10:12 | Build | Palisade Gate |
| 10:16 | Build | Palisade Wall |
| 10:59 | Build | Mining Camp |
| 11:00 | Create | Villager (Male) |
| 11:34 | Research | Feudal Age |
| 11:34 | Research | Feudal Age |
| 11:55 | Build | House |
| 12:34 | Build | Barracks |
| 12:53 | Create | Villager (Male) |
| 12:53 | Create | Villager (Male) |
| 13:32 | Build | House |
| 13:34 | Build | House |
| 13:46 | Age | Feudal Age |
| 13:48 | Build | Watch Tower |
| 13:52 | Build | Archery Range |
| 13:53 | Build | Blacksmith |
| 13:53 | Create | Villager (Male) |
| 13:56 | Build | House |
| 14:10 | Build | House |
Build order — develement
62 actions detected in the replay
| 0:17 | Build | Town Center |
| 1:17 | Build | House |
| 1:48 | Create | Villager (Male) |
| 1:48 | Create | Villager (Male) |
| 1:49 | Create | Villager (Male) |
| 1:54 | Create | Villager (Male) |
| 2:36 | Build | House |
| 2:43 | Build | House |
| 2:58 | Create | Villager (Male) |
| 3:49 | Create | Villager (Male) |
| 3:50 | Create | Villager (Male) |
| 3:58 | Create | Villager (Male) |
| 4:15 | Create | Villager (Male) |
| 4:39 | Build | House |
| 4:49 | Build | Mill |
| 4:52 | Build | Palisade Wall |
| 5:09 | Create | Villager (Male) |
| 5:10 | Create | Villager (Male) |
| 5:37 | Build | Lumber Camp |
| 6:21 | Create | Villager (Male) |
| 6:45 | Create | Villager (Male) |
| 7:08 | Research | Feudal Age |
| 8:19 | Build | Barracks |
| 8:21 | Build | Palisade Wall |
| 8:33 | Create | Villager (Male) |
| 9:23 | Age | Feudal Age |
| 9:26 | Research | Double-Bit Axe |
| 9:29 | Build | Archery Range |
| 9:38 | Create | Villager (Male) |
| 9:49 | Build | House |
| 9:52 | Research | Loom |
| 9:58 | Create | Archer |
| 10:13 | Build | Blacksmith |
| 10:31 | Build | House |
| 10:33 | Create | Villager (Male) |
| 10:50 | Build | Outpost |
| 10:51 | Create | Archer |
| 11:00 | Create | Villager (Male) |
| 11:16 | Build | Outpost |
| 11:20 | Build | Outpost |
| 11:25 | Create | Villager (Male) |
| 11:34 | Create | Archer |
| 11:34 | Create | Archer |
| 11:42 | Build | Watch Tower |
| 11:47 | Create | Villager (Male) |
| 11:48 | Create | Archer |
| 12:23 | Create | Archer |
| 12:24 | Create | Villager (Male) |
| 12:30 | Build | House |
| 12:35 | Build | House |
| 12:37 | Research | Fletching |
| 12:43 | Build | Market |
| 12:45 | Create | Villager (Male) |
| 12:56 | Build | Palisade Wall |
| 13:06 | Create | Archer |
| 13:16 | Create | Villager (Male) |
| 13:32 | Build | House |
| 13:35 | Create | Villager (Male) |
| 13:37 | Create | Archer |
| 14:04 | Create | Villager (Male) |
| 14:09 | Create | Archer |
| 14:27 | Create | Villager (Male) |
Match timeline
| 1:46 | ilovebaskets · wall_segment Palisade Wall x1 |
| 1:51 | ilovebaskets · wall_segment Palisade Wall x1 |
| 4:52 | develement · wall_segment Palisade Wall x1 |
| 6:25 | ilovebaskets · wall_segment Palisade Wall x1 |
| 6:30 | ilovebaskets · wall_segment Palisade Wall x1 |
| 6:34 | ilovebaskets · wall_segment Palisade Wall x1 |
| 6:39 | ilovebaskets · wall_segment Palisade Wall x1 |
| 8:19 | develement · first_building Barracks |
| 8:21 | develement · wall_segment Palisade Wall x1 |
| 8:25 | ilovebaskets · wall_segment Palisade Wall x1 |
| 8:31 | ilovebaskets · wall_segment Palisade Wall x1 |
| 8:36 | ilovebaskets · wall_segment Palisade Wall x1 |
| 8:45 | ilovebaskets · wall_segment Palisade Wall x1 |
| 8:48 | ilovebaskets · wall_segment Palisade Wall x1 |
| 9:23 | develement · age_up feudal |
| 9:29 | develement · first_building Archery Range |
| 9:35 | ilovebaskets · wall_segment Palisade Wall x7 |
| 9:50 | ilovebaskets · wall_segment Palisade Wall x9 |
| 9:56 | ilovebaskets · wall_segment Palisade Wall x1 |
| 9:57 | ilovebaskets · wall_segment Palisade Wall x1 |
| 10:16 | ilovebaskets · wall_segment Palisade Wall x8 |
| 12:34 | ilovebaskets · first_building Barracks |
| 12:56 | develement · wall_segment Palisade Wall x1 |
| 13:46 | ilovebaskets · age_up feudal |
| 13:52 | ilovebaskets · first_building Archery Range |
| 14:27 | ilovebaskets · resign |
[ AI ANALYSIS · 1 CREDIT ]
What really happened in this match?
Wolo.gg analyzes every decision: build order, eco, micro, common mistakes by bracket. Personalized analysis on WhatsApp or Discord in 30 seconds.
Civ guide
Tatars
Perfil
Jugador #1292487